AoeStats
← Pacne

Arabia

509693196Analyzed
1v1 RM · 5d ago on Sep 27, 2026· 38m 10s· 2 players
Game mode
Random Map
Map size
Tiny (2 player)
Population
200
Speed
Normal
Resources
Standard
Victory
Conquest
Starting age
Dark Age
Ending age
Imperial Age
RankedLock teamsTeams togetherTeam positionsShared explorationLock speedFull tech treeHidden civsTurbo modeCheats
Victory
Defeat
🇦🇷 Portuguese · Argentina
597
+18
🇪🇸 Burgundians · Spain
633
-18
TheBigRick9781
2:35 Loom
10:24 Feudal Age
10:59 Double-Bit Axe
15:05 Fletching
15:17 Padded Archer Armor
16:00 Wheelbarrow
15:40 Horse Collar
21:42 Castle Age
20:05 Town Watch
21:45 Crossbowman
23:48 Leather Archer Armor
23:09 Pikeman
24:03 Forging
27:30 Hand Cart
29:36 Stone Mining
30:38 Town Patrol
32:43 Scale Mail Armor
34:47 Stone Shaft Mining
35:29 Bow Saw
36:10 Thumb Ring
36:51 Heavy Plow
37:27 Gold Mining
Pacne
0:28 Loom
13:48 Feudal Age
13:38 Gold Mining
20:56 Castle Age
19:24 Double-Bit Axe
19:37 Stone Mining
23:36 Husbandry
28:23 Cavalier
35:39 Imperial Age
35:04 Squires
37:31 Wheelbarrow
36:48 Town Watch
Connection lost

Rejoining the realm…

Still unreachable

The connection could not be restored.

Session expired

The server has moved on; the page needs a fresh start.